Map: Terraformation EC (Void)

Players

Vader

  • Race: Protoss Protoss
  • League: Master

BiiiiiiiiiiG - Winner!

  • Race: Terran Terran
  • League: Grandmaster

VOD

Have the link to the VOD?

Description

Time

  • Played on: Oct. 25, 2015, 2:01 p.m.
  • Length: 8:29
Show
View Real Time Build Order
Export as new Build Order

Vader Protoss 

Build Orders:  

Get SALT Encoding   

  12  0:01  Probe (Chrono Boost)  
  13  0:12  Probe (Chrono Boost)  
  14  0:19  Pylon  
  14  0:27  Probe (Chrono Boost)  
  15  0:38  Gateway  
  15  0:42  Assimilator  
  15  0:45  Assimilator  
  15  0:49  Probe (Chrono Boost)  
  16  1:00  Probe (Chrono Boost)  
  16  1:03  Pylon  
  17  1:10  Probe (Chrono Boost)  
  18  1:21  Probe (Chrono Boost)  
  19  1:31  Probe (Chrono Boost)  
  19  1:32  Cybernetics Core  
  20  1:42  Probe (Chrono Boost)  
  21  1:48  Pylon  
  21  1:52  Probe (Chrono Boost)  
  22  2:03  Probe (Chrono Boost)  
  23  2:14  Mothership Core (Chrono Boost)  
  25  2:16  Robotics Facility  
  25  2:21  Warp Gate  
  25  2:32  Gateway  
  25  2:44  Gateway  
  25  2:54  Gateway  
  27  3:04  Immortal (Chrono Boost)  
  29  3:39  Immortal (Chrono Boost)  
  32  3:56  Pylon  
  32  3:57  Pylon  
  32  4:13  Warp Prism (Chrono Boost)  
  34  4:27  Adept x2  
  34  4:28  Adept x2  
  42  4:44  Pylon  
  42  4:56  Adept x2  
  42  4:57  Adept x2  
  29  5:37  Observer (Chrono Boost)  
  30  5:56  Immortal (Chrono Boost)  
  34  6:00  Adept x4  
  40  6:28  Adept x2  
  41  6:43  Observer (Chrono Boost)  
  41  6:45  Adept  
  32  7:09  Adept  
  18  7:48  Stalker  
  20  8:22  Adept  
Show
View Real Time Build Order
Export as new Build Order

BiiiiiiiiiiG Terran - Winner!

Build Orders: Reaper Expand 

Get SALT Encoding   

  12  0:00  SCV  
  13  0:13  SCV  
  14  0:17  Supply Depot  
  14  0:25  SCV  
  15  0:39  SCV  
  15  0:40  Barracks  
  16  0:46  Refinery  
  16  0:51  SCV  
  17  1:03  SCV  
  18  1:15  SCV  
  19  1:28  Reaper, Orbital Command  
  20  1:43  Command Center  
  20  1:52  Barracks  
  20  1:55  SCV  
  21  2:02  Supply Depot  
  21  2:04  Barracks Reactor  
  21  2:07  SCV  
  22  2:24  Factory  
  22  2:34  SCV  
  23  2:37  Bunker  
  23  2:42  Marine  
  23  2:43  Marine x2  
  25  2:46  SCV  
  26  2:58  SCV, Refinery  
  27  3:01  Marine x3  
  27  3:03  Orbital Command  
  30  3:09  Widow Mine  
  32  3:14  SCV  
  32  3:18  Marine  
  32  3:19  Marine x2  
  36  3:23  Starport  
  36  3:26  SCV  
  37  3:30  SCV  
  38  3:35  Supply Depot  
  38  3:36  Marine  
  39  3:47  Barracks Tech Lab, Engineering Bay, Marine  
  39  3:48  Widow Mine  
  42  4:00  Supply Depot, Medivac  
  42  4:02  Marine  
  45  4:04  SCV  
  45  4:05  Marine  
  49  4:10  Marauder  
  49  4:12  Stimpack  
  49  4:16  Widow Mine  
  49  4:21  Marine  
  52  4:25  SCV  
  52  4:27  SCV  
  52  4:30  Supply Depot  
  54  4:31  Missile Turret  
  54  4:37  Orbital Command  
  56  4:38  Marine, Marauder  
  56  4:41  Medivac  
  59  4:51  Supply Depot, Widow Mine  
  61  4:53  Marine  
  59  5:11  Marine  
  59  5:12  Marauder, Marine  
  59  5:13  SCV  
  40  5:29  Marine  
  40  5:32  Marine  
  40  5:33  SCV, Marauder  
  45  5:43  SCV  
  45  5:46  SCV  
  45  5:48  Widow Mine  
  49  5:51  Marine  
  50  5:58  Marine  
  50  5:59  Marine  
  52  6:08  Marine  
  52  6:11  SCV  
  54  6:16  Marine  
  55  6:23  Marauder  
  57  6:26  Marine  
  57  6:27  Terran Infantry Weapons Level 1  
  57  6:29  SCV  
  57  6:30  SCV  
  60  6:34  Marine  
  61  6:48  Marine  
  61  6:49  Marauder  
  61  6:52  Marine  
  65  7:06  Marine  
  54  7:15  Marauder, Marine  
  41  7:24  Marine  
  38  7:33  SCV x2, Marine  
  38  7:36  Marine  
  42  7:41  Marine  
  43  7:45  Barracks  
  43  7:46  SCV x2  
  43  7:51  Marine  
  46  7:54  Marine  
  47  7:58  SCV x2  
  47  7:59  Marine, Widow Mine  
  54  8:08  Marine  
  54  8:10  SCV x2  
Tags
 
Add a new tag
Caveats
  • Supply blocks, unpowered buildings, or Contaminate may cause inaccurate times.
  • Supply counts are checked every 10 seconds.